SAAA
NAPERVILLE BATTLEKINGS @ PENNSAUKEN FLYERS
08/22/2028
 
TOP OF THE 1ST
Naperville Battlekings batting - Pitching for Pennsauken Flyers : LHP Bernie Sanders
Pitching: LHP Bernie Sanders
Batting: RHB Sergio Pérez 0-0: Called Strike
0-1: Foul Ball, location: 2F
0-2: Foul Ball, location: 2F
0-2: Ball
1-2: Strikes out swinging
Batting: LHB Curtis Peters 0-0: Fly out, F6 (Line Drive, 6D)
Batting: RHB Zeus Preckwinkle 0-0: Ball
1-0: Ball
2-0: Called Strike
2-1: Swinging Strike
2-2: Foul Ball, location: 2F
2-2: Ball
3-2: SINGLE (Line Drive, 89S)
Batting: LHB Arthur Ryan 0-0: Called Strike
0-1: Ball
1-1: Swinging Strike
1-2: Ball
2-2: Ball
3-2: Foul Ball, location: 2F
3-2: Base on Balls
Zeus Preckwinkle to second
Batting: LHB Joe Cashmore 0-0: Ball
1-0: Ball
2-0: Ball
3-0: Base on Balls
Zeus Preckwinkle to third
Arthur Ryan to second
Batting: RHB Theodore York 0-0: Swinging Strike
0-1: Ball
1-1: Ball
2-1: Foul Ball, location: 2F
2-2: Strikes out swinging
Top of the 1st over - 0 run(s), 1 hit(s), 0 error(s), 3 left on base; Naperville 0 - Pennsauken 0
BOTTOM OF THE 1ST
Pennsauken Flyers batting - Pitching for Naperville Battlekings : RHP Alberto Mendoza
Pitching: RHP Alberto Mendoza
Batting: LHB Jorge Ortíz 0-0: Fly out, F5 (Popup, 5L)
Batting: LHB Vinski Prifti 0-0: Ball
1-0: Ball
2-0: SOLO HOME RUN (Flyball, 89XD), Distance : 400 ft
Batting: RHB José Rodríguez 0-0: Ball
1-0: Ball
2-0: Ball
3-0: Foul Ball, location: 2F
3-1: Base on Balls
Batting: RHB Byron Isaacson 0-0: Called Strike
José Rodríguez steals 2nd base
0-1: Called Strike
0-2: Ball
1-2: Ball
2-2: Ball
3-2: Base on Balls
Batting: LHB Ignacio Martínez 0-0: Foul Ball, location: 2F
0-1: Foul Ball, location: 2F
0-2: SINGLE (Line Drive, 9S)
José Rodríguez to third
Byron Isaacson to second
Runner from 3rd tries for Home, SAFE, no throw
Batting: LHB Pedro Corona 0-0: Ball
1-0: Ball
2-0: Foul Ball, location: 2F
2-1: SINGLE (Groundball, 6MD)
Byron Isaacson to third
Ignacio Martínez to second
Runner from 3rd tries for Home, SAFE, no throw
Batting: RHB Artie Miller 0-0: Grounds into double play, 6-4-3 (Groundball, 6)
Bottom of the 1st over - 3 run(s), 3 hit(s), 0 error(s), 1 left on base; Naperville 0 - Pennsauken 3
TOP OF THE 2ND
Naperville Battlekings batting - Pitching for Pennsauken Flyers : LHP Bernie Sanders
Batting: RHB Edward Payne 0-0: Called Strike
0-1: Called Strike
0-2: Ball
1-2: Ball
2-2: Ball
3-2: Ground out 6-3 (Groundball, 6)
Batting: RHB Pancho Núñez 0-0: Ball
1-0: Ball
2-0: Foul Ball, location: 2F
2-1: Foul Ball, location: 2F
2-2: Ball
3-2: Foul Ball, location: 2F
3-2: Strikes out looking
Batting: LHB Alexis Raimbault 0-0: Called Strike
0-1: Foul Ball, location: 2F
0-2: Ball
1-2: Strikes out swinging
Top of the 2nd over - 0 run(s), 0 hit(s), 0 error(s), 0 left on base; Naperville 0 - Pennsauken 3
BOTTOM OF THE 2ND
Pennsauken Flyers batting - Pitching for Naperville Battlekings : RHP Alberto Mendoza
Batting: LHB Francisco Ortega 0-0: Called Strike
0-1: Foul Ball, location: 2F
0-2: Foul Ball, location: 2F
0-2: Fly out, F7 (Flyball, 7S)
Batting: RHB Marc Beck 0-0: Ball
1-0: Ball
2-0: Ball
3-0: Base on Balls
Batting: LHB Jorge Ortíz 0-0: Ball
1-0: Foul Ball, location: 2F
1-1: Ball
2-1: Ground out 5-3 (Groundball, 56S)
Marc Beck to second
Batting: LHB Vinski Prifti 0-0: Ground out U3 (Groundball, 34)
Bottom of the 2nd over - 0 run(s), 0 hit(s), 0 error(s), 1 left on base; Naperville 0 - Pennsauken 3
TOP OF THE 3RD
Naperville Battlekings batting - Pitching for Pennsauken Flyers : LHP Bernie Sanders
Batting: RHB Sergio Pérez 0-0: Ball
1-0: Called Strike
1-1: Ball
2-1: Swinging Strike
2-2: SINGLE (Line Drive, 6M)
Batting: LHB Curtis Peters 0-0: Called Strike
0-1: Reached via error on a dropped throw, E1
Sergio Pérez to second
Batting: RHB Zeus Preckwinkle 0-0: Ball
1-0: Ball
2-0: Called Strike
2-1: Foul Ball, location: 2F
2-2: Ball
3-2: Strikes out looking
Batting: LHB Arthur Ryan 0-0: Called Strike
0-1: Ball
1-1: Swinging Strike
1-2: Foul Ball, location: 2F
1-2: Ball
2-2: Strikes out swinging
Batting: LHB Joe Cashmore 0-0: Called Strike
0-1: Ball
1-1: Foul Ball, location: 2F
1-2: Fly out, F7 (Flyball, 7)
Top of the 3rd over - 0 run(s), 1 hit(s), 1 error(s), 2 left on base; Naperville 0 - Pennsauken 3
BOTTOM OF THE 3RD
Pennsauken Flyers batting - Pitching for Naperville Battlekings : RHP Alberto Mendoza
Batting: RHB José Rodríguez 0-0: Fly out, F9 (Flyball, 9S)
Batting: RHB Byron Isaacson 0-0: Swinging Strike
0-1: Ball
1-1: Swinging Strike
1-2: Ball
2-2: Ball
3-2: Foul Ball, location: 2F
3-2: Foul Ball, location: 2F
3-2: Base on Balls
Batting: LHB Ignacio Martínez 0-0: Ball
1-0: Ball
2-0: Called Strike
2-1: Called Strike
2-2: Ball
3-2: Base on Balls
Byron Isaacson to second
Batting: LHB Pedro Corona 0-0: Fly out, F4 (Popup, 4S)
Batting: RHB Artie Miller 0-0: Called Strike
0-1: Foul Ball, location: 2F
0-2: Ball
1-2: Strikes out swinging
Bottom of the 3rd over - 0 run(s), 0 hit(s), 0 error(s), 2 left on base; Naperville 0 - Pennsauken 3
TOP OF THE 4TH
Naperville Battlekings batting - Pitching for Pennsauken Flyers : LHP Bernie Sanders
Batting: RHB Theodore York 0-0: Called Strike
0-1: Ball
1-1: SOLO HOME RUN (Flyball, 8RXD), Distance : 432 ft
Batting: RHB Edward Payne 0-0: Ball
1-0: SINGLE (Groundball, 56D)
Batting: RHB Pancho Núñez 0-0: Ball
1-0: Ball
2-0: Foul Ball, location: 2F
2-1: Ball
3-1: Swinging Strike
3-2: DOUBLE (Line Drive, 9LM)
Edward Payne to third
Batting: LHB Alexis Raimbault 0-0: Called Strike
0-1: Ball
1-1: Ball
2-1: Called Strike
2-2: Foul Ball, location: 2F
2-2: Foul Ball, location: 2F
2-2: Fly out, F8 (Flyball, 8RM)
Batting: RHB Sergio Pérez 0-0: Ball
1-0: Ball
2-0: Ball
3-0: Called Strike
3-1: Base on Balls
Batting: LHB Curtis Peters 0-0: Ball
1-0: Called Strike
1-1: Foul Ball, location: 2F
1-2: Foul Ball, location: 2F
1-2: SINGLE (Groundball, 56D)
Edward Payne scores
Pancho Núñez to third
Sergio Pérez to second
Runner from 3rd tries for Home, SAFE, throw made at trailing runner, SAFE at third!
Batting: RHB Zeus Preckwinkle 0-0: Ball
1-0: Ball
2-0: Foul Ball, location: 2F
2-1: Swinging Strike
2-2: Fly out, F5 (Popup, 5L)
Batting: LHB Arthur Ryan 0-0: Called Strike
0-1: Foul Ball, location: 2F
0-2: SINGLE (Groundball, 34D)
Sergio Pérez scores
Curtis Peters to second
Runner from 2nd tries for 3rd, SAFE, throw made to third
Batting: LHB Joe Cashmore 0-0: Ball
1-0: Foul Ball, location: 2F
1-1: Ball
2-1: Swinging Strike
2-2: Ball
3-2: Foul Ball, location: 2F
3-2: Strikes out looking
Top of the 4th over - 4 run(s), 5 hit(s), 0 error(s), 2 left on base; Naperville 4 - Pennsauken 3
BOTTOM OF THE 4TH
Pennsauken Flyers batting - Pitching for Naperville Battlekings : RHP Alberto Mendoza
Batting: LHB Francisco Ortega 0-0: Called Strike
0-1: Ball
1-1: Ball
2-1: Ground out 4-3 (Groundball, 34)
Batting: RHB Marc Beck 0-0: Ball
1-0: Fly out, F7 (Flyball, 7S)
Batting: LHB Jorge Ortíz 0-0: SINGLE (Line Drive, 56D)
Batting: LHB Vinski Prifti 0-0: Fielders Choice at 2nd, 4-6 (Groundball, 4)
Bottom of the 4th over - 0 run(s), 1 hit(s), 0 error(s), 0 left on base; Naperville 4 - Pennsauken 3
TOP OF THE 5TH
Naperville Battlekings batting - Pitching for Pennsauken Flyers : LHP Bernie Sanders
Batting: RHB Theodore York 0-0: Ball
1-0: Foul Ball, location: 2F
1-1: Foul Ball, location: 2F
1-2: Ball
2-2: Strikes out swinging
Batting: RHB Edward Payne 0-0: Called Strike
0-1: Foul Ball, location: 2F
0-2: Ball
1-2: Ground out 6-3 (Groundball, 6M)
Batting: RHB Pancho Núñez 0-0: Ball
1-0: Ground out 3-1 (Groundball, 34)
Top of the 5th over - 0 run(s), 0 hit(s), 0 error(s), 0 left on base; Naperville 4 - Pennsauken 3
BOTTOM OF THE 5TH
Pennsauken Flyers batting - Pitching for Naperville Battlekings : RHP Alberto Mendoza
Batting: RHB José Rodríguez 0-0: Called Strike
0-1: Swinging Strike
0-2: Ball
1-2: Strikes out swinging
Batting: RHB Byron Isaacson 0-0: Ball
1-0: Foul Ball, location: 2F
1-1: Ground out 4-3 (Groundball, 4M)
Batting: LHB Ignacio Martínez 0-0: Ball
1-0: Ball
2-0: Ball
3-0: Called Strike
3-1: Called Strike
3-2: Foul Ball, location: 2F
3-2: SOLO HOME RUN (Flyball, 9D), Distance : 361 ft
Batting: LHB Pedro Corona 0-0: Ball
1-0: Foul Ball, location: 2F
1-1: Called Strike
1-2: Strikes out swinging
Bottom of the 5th over - 1 run(s), 1 hit(s), 0 error(s), 0 left on base; Naperville 4 - Pennsauken 4
TOP OF THE 6TH
Naperville Battlekings batting - Pitching for Pennsauken Flyers : LHP Bernie Sanders
Batting: LHB Alexis Raimbault 0-0: Called Strike
0-1: Foul Ball, location: 2F
0-2: Foul Ball, location: 2F
0-2: Ball
1-2: Ground out 3-1 (Groundball, 34)
Pitching: RHP Manny Benavides
Batting: RHB Sergio Pérez 0-0: Fly out, F9 (Flyball, 9LS)
Batting: LHB Curtis Peters 0-0: Ball
1-0: Ball
2-0: Ball
3-0: Base on Balls
Batting: RHB Zeus Preckwinkle 0-0: Called Strike
0-1: Called Strike
0-2: Ball
1-2: Ball
2-2: Strikes out swinging
Top of the 6th over - 0 run(s), 0 hit(s), 0 error(s), 1 left on base; Naperville 4 - Pennsauken 4
BOTTOM OF THE 6TH
Pennsauken Flyers batting - Pitching for Naperville Battlekings : RHP Alberto Mendoza
Batting: RHB Artie Miller 0-0: Called Strike
0-1: Called Strike
0-2: Ball
1-2: Strikes out swinging
Batting: LHB Francisco Ortega 0-0: Ground out U3 (Groundball, 3L)
Batting: RHB Marc Beck 0-0: Ball
1-0: SINGLE (Groundball, 34D)
Batting: LHB Jorge Ortíz 0-0: Called Strike
Marc Beck steals 2nd base
0-1: Ball
1-1: Foul Ball, location: 2F
1-2: Ball
2-2: Ball
3-2: Foul Ball, location: 2F
3-2: Fly out, F4 (Popup, 4MD)
Bottom of the 6th over - 0 run(s), 1 hit(s), 0 error(s), 1 left on base; Naperville 4 - Pennsauken 4
TOP OF THE 7TH
Naperville Battlekings batting - Pitching for Pennsauken Flyers : RHP Manny Benavides
Batting: LHB Arthur Ryan 0-0: Ball
1-0: Called Strike
1-1: Swinging Strike
1-2: Foul Ball, location: 2F
1-2: Fly out, F7 (Flyball, 7)
Batting: LHB Joe Cashmore 0-0: Ball
1-0: Called Strike
1-1: Foul Ball, location: 2F
1-2: Ball
2-2: Strikes out swinging
Batting: RHB Theodore York 0-0: Ball
1-0: Foul Ball, location: 2F
1-1: Swinging Strike
1-2: Strikes out swinging
Top of the 7th over - 0 run(s), 0 hit(s), 0 error(s), 0 left on base; Naperville 4 - Pennsauken 4
BOTTOM OF THE 7TH
Pennsauken Flyers batting - Pitching for Naperville Battlekings : RHP Alberto Mendoza
Batting: LHB Vinski Prifti 0-0: Ball
1-0: Called Strike
1-1: Foul Ball, location: 2F
1-2: SINGLE (Groundball, 3S) (infield hit)
Pinch Hitting: LHB Javier Antonio 0-0: Ball
1-0: Called Strike
1-1: Ball
2-1: Grounds into double play, 4-6-3 (Groundball, 4)
Batting: RHB Byron Isaacson 0-0: Called Strike
0-1: Foul Ball, location: 2F
0-2: Foul Ball, location: 2F
0-2: Fly out, F8 (Flyball, 89D)
Bottom of the 7th over - 0 run(s), 1 hit(s), 0 error(s), 0 left on base; Naperville 4 - Pennsauken 4
TOP OF THE 8TH
Naperville Battlekings batting - Pitching for Pennsauken Flyers : RHP Manny Benavides
Now at 2B: Phil Terry
Batting: RHB Edward Payne 0-0: Ball
1-0: Ball
2-0: Foul Ball, location: 2F
2-1: DOUBLE (Flyball, 78D)
Batting: RHB Pancho Núñez 0-0: Called Strike
0-1: Called Strike
0-2: Ball
1-2: Ball
2-2: Foul Ball, location: 2F
2-2: Ball
3-2: Strikes out swinging
Batting: LHB Alexis Raimbault 0-0: Foul Ball, location: 2F
0-1: Ball
1-1: Swinging Strike
1-2: Foul Ball, location: 2F
1-2: Strikes out looking
Batting: RHB Sergio Pérez 0-0: Called Strike
0-1: Ball
1-1: Foul Ball, location: 2F
1-2: Strikes out swinging
Top of the 8th over - 0 run(s), 1 hit(s), 0 error(s), 1 left on base; Naperville 4 - Pennsauken 4
BOTTOM OF THE 8TH
Pennsauken Flyers batting - Pitching for Naperville Battlekings : RHP Alberto Mendoza
Batting: LHB Ignacio Martínez 0-0: Ball
1-0: Fly out, F7 (Flyball, 7LSF)
Batting: LHB Pedro Corona 0-0: Ball
1-0: Ball
2-0: Ball
3-0: Called Strike
3-1: SINGLE (Flyball, 8LS)
Batting: RHB Artie Miller 0-0: Ball
1-0: Foul Ball, location: 2F
1-1: Fly out, F9 (Flyball, 9S)
Batting: LHB Francisco Ortega 0-0: Called Strike
0-1: Ball
1-1: DOUBLE (Line Drive, 78XD)
Pedro Corona to third
Runner from 3rd tries for Home, SAFE, no throw
Pitching: LHP Chris Rogers
Pinch Hitting: RHB Stephen Johnson 0-0: Ball
1-0: Ball
2-0: Called Strike
2-1: Ball
3-1: Base on Balls
Pinch Hitting: RHB Roy McFerran 0-0: Ball
1-0: Ball
2-0: Called Strike
2-1: Swinging Strike
2-2: Ball
3-2: Fly out, F7 (Flyball, 78M)
Bottom of the 8th over - 1 run(s), 2 hit(s), 0 error(s), 2 left on base; Naperville 4 - Pennsauken 5
TOP OF THE 9TH
Naperville Battlekings batting - Pitching for Pennsauken Flyers : RHP Manny Benavides
Pitching: RHP Rex Hood
Now at 3B: Roy McFerran
Now in LF: Dave Stockman
Batting: LHB Curtis Peters 0-0: Ball
1-0: Called Strike
1-1: Ball
2-1: SOLO HOME RUN (Flyball, 9D), Distance : 364 ft
Batting: RHB Zeus Preckwinkle 0-0: Called Strike
0-1: Ball
1-1: Ball
2-1: Fly out, F8 (Flyball, 8LD)
Batting: LHB Arthur Ryan 0-0: Ball
1-0: Ball
2-0: Ball
3-0: Called Strike
3-1: Called Strike
3-2: SINGLE (Line Drive, 78S)
Batting: LHB Joe Cashmore 0-0: Called Strike
0-1: Ball
1-1: Foul Ball, location: 2F
1-2: Ball
2-2: Strikes out swinging
Pinch Hitting: RHB Scott Zijm 0-0: Called Strike
0-1: Called Strike
Arthur Ryan steals 2nd base
0-2: Strikes out looking
Top of the 9th over - 1 run(s), 2 hit(s), 0 error(s), 1 left on base; Naperville 5 - Pennsauken 5
BOTTOM OF THE 9TH
Pennsauken Flyers batting - Pitching for Naperville Battlekings : LHP Chris Rogers
Pitching: LHP Esteban Jiménez
Now at 2B: Miguel Rodríguez
Pinch Hitting: RHB Clarence Therrien 0-0: Called Strike
0-1: Reached on error, E6 (Groundball, 6)
Batting: RHB Phil Terry 0-0: Ball
1-0: Ball
2-0: Called Strike
2-1: Called Strike
2-2: Strikes out swinging
Batting: RHB Byron Isaacson 0-0: Intentional Walk
Batting: LHB Ignacio Martínez 0-0: Swinging Strike
0-1: Called Strike
0-2: Ball
1-2: Strikes out swinging
Batting: LHB Pedro Corona 0-0: Fly out, F8 (Flyball, 8LM)
Bottom of the 9th over - 0 run(s), 0 hit(s), 1 error(s), 2 left on base; Naperville 5 - Pennsauken 5
TOP OF THE 10TH
Naperville Battlekings batting - Pitching for Pennsauken Flyers : RHP Rex Hood
Now in CF: Clarence Therrien
Pinch Hitting: LHB Sam Good 0-0: Ball
1-0: Ball
2-0: Ball
3-0: Called Strike
3-1: Swinging Strike
3-2: Base on Balls
Batting: RHB Pancho Núñez 0-0: Sac Bunt - play at first, batter OUT! 1-4
Sam Good to second
Batting: LHB Alexis Raimbault 0-0: Ball
1-0: Foul Ball, location: 2F
1-1: Called Strike
1-2: Ball
2-2: SINGLE (Flyball, 78S)
Sam Good to third
Runner from 3rd tries for Home, SAFE, throw made home
Alexis Raimbault to second
Batting: RHB Sergio Pérez 0-0: Ball
1-0: Ball
2-0: Foul Ball, location: 2F
2-1: Ball
3-1: Foul Ball, location: 2F
3-2: Strikes out looking
Batting: LHB Curtis Peters 0-0: Called Strike
0-1: Ground out 4-3 (Groundball, 4M)
Top of the 10th over - 1 run(s), 1 hit(s), 0 error(s), 1 left on base; Naperville 6 - Pennsauken 5
BOTTOM OF THE 10TH
Pennsauken Flyers batting - Pitching for Naperville Battlekings : LHP Esteban Jiménez
Now at C: António Guzmán
Batting: RHB Artie Miller 0-0: Called Strike
0-1: Foul Ball, location: 2F
0-2: Foul Ball, location: 2F
0-2: Strikes out swinging
Batting: LHB Francisco Ortega 0-0: Ball
1-0: Swinging Strike
1-1: Foul Ball, location: 2F
1-2: Ball
2-2: DOUBLE (Groundball, 3L)
Batting: RHB Dave Stockman 0-0: Ball
1-0: Ball
2-0: Ball
3-0: Base on Balls
Batting: RHB Roy McFerran 0-0: SINGLE (Groundball, 56D)
Francisco Ortega to third
Dave Stockman to second
Runner from 3rd tries for Home, SAFE, throw made home
Dave Stockman to third
Roy McFerran to second
Batting: RHB Clarence Therrien 0-0: Intentional Walk
Batting: RHB Phil Terry 0-0: Called Strike
0-1: Ball
1-1: Fly out, F9 (Flyball, 9S)
Batting: RHB Byron Isaacson 0-0: Called Strike
0-1: Swinging Strike
0-2: Ball
1-2: Ball
2-2: Ball
3-2: Foul Ball, location: 2F
3-2: Strikes out swinging
Bottom of the 10th over - 1 run(s), 2 hit(s), 0 error(s), 3 left on base; Naperville 6 - Pennsauken 6
TOP OF THE 11TH
Naperville Battlekings batting - Pitching for Pennsauken Flyers : RHP Rex Hood
Pitching: RHP Jeren Kendall
Batting: RHB Zeus Preckwinkle 0-0: Called Strike
0-1: Foul Ball, location: 2F
0-2: DOUBLE (Line Drive, 7LM)
Batting: LHB Arthur Ryan 0-0: Intentional Walk
Batting: LHB Joe Cashmore 0-0: Ball
1-0: Swinging Strike
1-1: Ball
2-1: Fly out, F3 (Popup, 3L)
Batting: RHB Miguel Rodríguez 0-0: Fly out, F8 (Flyball, 8RS)
Batting: RHB António Guzmán 0-0: Called Strike
0-1: Reached via error on a dropped throw, E6
Zeus Preckwinkle to third
Arthur Ryan to second
Batting: RHB Pancho Núñez 0-0: Ball
1-0: Ball
2-0: Foul Ball, location: 2F
2-1: Reached on error, E4 (Groundball, 4)
Zeus Preckwinkle scores
Arthur Ryan to third
António Guzmán to second
Batting: LHB Alexis Raimbault 0-0: Called Strike
0-1: Called Strike
0-2: Ball
1-2: Strikes out swinging
Top of the 11th over - 1 run(s), 1 hit(s), 2 error(s), 3 left on base; Naperville 7 - Pennsauken 6
BOTTOM OF THE 11TH
Pennsauken Flyers batting - Pitching for Naperville Battlekings : LHP Esteban Jiménez
Pitching: RHP Sixto Palaeios
Batting: LHB Ignacio Martínez 0-0: Ground out 4-3 (Groundball, 4)
Batting: LHB Pedro Corona 0-0: Ball
1-0: Ball
2-0: Ball
3-0: Foul Ball, location: 2F
3-1: Base on Balls
Batting: RHB Artie Miller 0-0: Foul Ball, location: 2F
0-1: Swinging Strike
0-2: Foul Ball, location: 2F
0-2: Grounds into double play, 6-4-3 (Groundball, 6)
Bottom of the 11th over - 0 run(s), 0 hit(s), 0 error(s), 0 left on base; Naperville 7 - Pennsauken 6
Monday, August 28th, 2017 - OOTP Baseball 17.12 Build 75